TOP OF THE 1ST |
San Diego Padres batting - Pitching for Los Angeles Dodgers : RHP Mario Soto
|
Pitching: RHP Mario Soto
|
|
Batting: RHB Bob Dernier
|
0-0: Ball 1-0: Swinging Strike 1-1: Ball 2-1: Ball 3-1: Ground out 4-3 (Groundball, 4M, EV 94.4 MPH)
|
Batting: RHB Dennis Dungy
|
0-0: Ball 1-0: Ball 2-0: Fly out, F8 (Flyball, 8RXD, EV 97.5 MPH)
|
Batting: LHB Tom Dunbar
|
0-0: Ball 1-0: Foul Ball, location: 2F 1-1: Foul Ball, location: 2F 1-2: Foul Ball, location: 2F 1-2: Foul Ball, location: 2F 1-2: Ground out 5-3 (Groundball, 5, EV 107.5 MPH)
|
Top of the 1st over - 0 runs, 0 hits, 0 errors, 0 left on base; San Diego 0 - Los Angeles 0 |
BOTTOM OF THE 1ST |
Los Angeles Dodgers batting - Pitching for San Diego Padres : RHP Skip Lockwood
|
Pitching: RHP Skip Lockwood
|
|
Batting: RHB Billy Sample
|
0-0: Ball 1-0: DOUBLE (Line Drive, 9LS, EV 90.0 MPH)
|
Batting: RHB Carney Lansford
|
0-0: Swinging Strike 0-1: Swinging Strike 0-2: Ground out 6-3 (Groundball, 56, EV 76.3 MPH)
|
Batting: RHB Dick Davis
|
0-0: Ball 1-0: Foul Ball, location: 2F 1-1: Foul Ball, location: 2F 1-2: Fly out, F9 (Flyball, 9LM, EV 84.4 MPH) Runner from 2nd tags up, SAFE at 3rd, no throw by RF
|
Batting: RHB Jerry Keller
|
0-0: Fly out, F7 (Line Drive, 7S, EV 99.4 MPH)
|
Bottom of the 1st over - 0 runs, 1 hit, 0 errors, 1 left on base; San Diego 0 - Los Angeles 0 |
TOP OF THE 2ND |
San Diego Padres batting - Pitching for Los Angeles Dodgers : RHP Mario Soto
|
Batting: RHB Joel Youngblood
|
0-0: Ground out 3-1 (Groundball, 13, EV 81.3 MPH)
|
Batting: LHB Jerry McDonald
|
0-0: Called Strike 0-1: Called Strike 0-2: Strikes out swinging
|
Batting: RHB Heriberto Soltero
|
0-0: Ball 1-0: DOUBLE (Line Drive, 3D, EV 98.1 MPH)
|
Batting: LHB Darrell Porter
|
0-0: Ground out U3 (Groundball, 3L, EV 105.6 MPH)
|
Top of the 2nd over - 0 runs, 1 hit, 0 errors, 1 left on base; San Diego 0 - Los Angeles 0 |
BOTTOM OF THE 2ND |
Los Angeles Dodgers batting - Pitching for San Diego Padres : RHP Skip Lockwood
|
Batting: RHB Gary Gaetti
|
0-0: Called Strike 0-1: Ball 1-1: Swinging Strike 1-2: Ball 2-2: SINGLE (Line Drive, 4MD, EV 103.1 MPH)
|
Batting: SHB Chris W Smith
|
0-0: Called Strike 0-1: Ball 1-1: SINGLE (Flyball, 3D, EV 95.6 MPH) Gary Gaetti to second Runner from 2nd tries for 3rd, OUT! 9-5
|
Batting: RHB Toby Harrah
|
0-0: Called Strike 0-1: Called Strike 0-2: Ball 1-2: Ball 2-2: Foul Ball, location: 2F 2-2: Fly out, F9 (Flyball, 89S, EV 92.5 MPH)
|
Batting: RHB Roberto Reyes
|
0-0: Called Strike 0-1: Foul Ball, location: 2F 0-2: Ball 1-2: Fielders Choice at 2nd, 6-4 (Groundball, 6, EV 110.6 MPH)
|
Bottom of the 2nd over - 0 runs, 2 hits, 0 errors, 1 left on base; San Diego 0 - Los Angeles 0 |
TOP OF THE 3RD |
San Diego Padres batting - Pitching for Los Angeles Dodgers : RHP Mario Soto
|
Batting: LHB Jeffrey Zitek
|
0-0: Swinging Strike 0-1: Foul Ball, location: 2F 0-2: Foul Ball, location: 2F 0-2: Foul Ball, location: 2F 0-2: Ground out 6-3 (Groundball, 6, EV 86.9 MPH)
|
Batting: RHB Skip Lockwood
|
0-0: Swinging Strike 0-1: Called Strike 0-2: Ball 1-2: Ball 2-2: Strikes out looking
|
Batting: RHB Bob Dernier
|
0-0: Ball 1-0: Swinging Strike 1-1: Foul Ball, location: 2F 1-2: Foul Ball, location: 2F 1-2: Fly out, F8 (Flyball, 8LM, EV 93.1 MPH)
|
Top of the 3rd over - 0 runs, 0 hits, 0 errors, 0 left on base; San Diego 0 - Los Angeles 0 |
BOTTOM OF THE 3RD |
Los Angeles Dodgers batting - Pitching for San Diego Padres : RHP Skip Lockwood
|
Batting: RHB Mario Soto
|
0-0: Ball 1-0: Ball 2-0: Fly out, F8 (Flyball, 8LM, EV 91.9 MPH)
|
Batting: RHB Billy Sample
|
0-0: Ground out U3 (Groundball, 34, EV 84.4 MPH)
|
Batting: RHB Carney Lansford
|
0-0: Foul Ball, location: 2F 0-1: Swinging Strike 0-2: Ball 1-2: Strikes out swinging
|
Bottom of the 3rd over - 0 runs, 0 hits, 0 errors, 0 left on base; San Diego 0 - Los Angeles 0 |
TOP OF THE 4TH |
San Diego Padres batting - Pitching for Los Angeles Dodgers : RHP Mario Soto
|
Batting: RHB Dennis Dungy
|
0-0: Called Strike 0-1: Swinging Strike 0-2: Ground out 5-3 (Groundball, 56S, EV 75.0 MPH)
|
Batting: LHB Tom Dunbar
|
0-0: Swinging Strike 0-1: Ball 1-1: SINGLE (Groundball, 4MD, EV 100.0 MPH)
|
Batting: RHB Joel Youngblood
|
0-0: Called Strike 0-1: Grounds into double play, 5-4-3 (Groundball, 56, EV 83.1 MPH)
|
Top of the 4th over - 0 runs, 1 hit, 0 errors, 0 left on base; San Diego 0 - Los Angeles 0 |
BOTTOM OF THE 4TH |
Los Angeles Dodgers batting - Pitching for San Diego Padres : RHP Skip Lockwood
|
Batting: RHB Dick Davis
|
0-0: Ball 1-0: Foul Ball, location: 2F 1-1: Foul Ball, location: 2F 1-2: Foul Ball, location: 2F 1-2: Strikes out looking
|
Batting: RHB Jerry Keller
|
0-0: Ground out U3 (Groundball, 34, EV 84.4 MPH)
|
Batting: RHB Gary Gaetti
|
0-0: Called Strike 0-1: Called Strike 0-2: Ball 1-2: Foul Ball, location: 2F 1-2: Ball 2-2: Foul Ball, location: 2F 2-2: Ball 3-2: Foul Ball, location: 2F 3-2: Base on Balls
|
Batting: SHB Chris W Smith
|
0-0: Foul Ball, location: 2F 0-1: Fly out, F9 (Flyball, 89M, EV 94.4 MPH)
|
Bottom of the 4th over - 0 runs, 0 hits, 0 errors, 1 left on base; San Diego 0 - Los Angeles 0 |
TOP OF THE 5TH |
San Diego Padres batting - Pitching for Los Angeles Dodgers : RHP Mario Soto
|
Batting: LHB Jerry McDonald
|
0-0: Called Strike 0-1: Ground out 4-3 (Groundball, 4, EV 86.9 MPH)
|
Batting: RHB Heriberto Soltero
|
0-0: Ball 1-0: Ground out 6-3 (Groundball, 6D, EV 80.6 MPH)
|
Batting: LHB Darrell Porter
|
0-0: Foul Ball, location: 2F 0-1: Fly out, F8 (Flyball, 89XD, EV 103.1 MPH)
|
Top of the 5th over - 0 runs, 0 hits, 0 errors, 0 left on base; San Diego 0 - Los Angeles 0 |
BOTTOM OF THE 5TH |
Los Angeles Dodgers batting - Pitching for San Diego Padres : RHP Skip Lockwood
|
Batting: RHB Toby Harrah
|
0-0: Called Strike 0-1: Ball 1-1: Foul Ball, location: 2F 1-2: Foul Ball, location: 2F 1-2: Ground out 2-3 (Groundball, 13S, EV 69.4 MPH)
|
Batting: RHB Roberto Reyes
|
0-0: Ball 1-0: Called Strike 1-1: Ball 2-1: Ball 3-1: Ground out 4-3 (Groundball, 4, EV 87.5 MPH)
|
Batting: RHB Mario Soto
|
0-0: Ball 1-0: Called Strike 1-1: Foul Ball, location: 2F 1-2: Ground out U3 (Groundball, 34S, EV 91.3 MPH)
|
Bottom of the 5th over - 0 runs, 0 hits, 0 errors, 0 left on base; San Diego 0 - Los Angeles 0 |
TOP OF THE 6TH |
San Diego Padres batting - Pitching for Los Angeles Dodgers : RHP Mario Soto
|
Batting: LHB Jeffrey Zitek
|
0-0: TRIPLE (Flyball, 9LD, EV 108.8 MPH)
|
Batting: RHB Skip Lockwood
|
0-0: Called Strike 0-1: Foul Ball, location: 2F 0-2: Strikes out swinging
|
Batting: RHB Bob Dernier
|
0-0: Called Strike 0-1: Foul Ball, location: 2F 0-2: Ball 1-2: Foul Ball, location: 2F 1-2: Strikes out looking
|
Batting: RHB Dennis Dungy
|
0-0: Called Strike 0-1: Ball 1-1: Foul Ball, location: 2F 1-2: Strikes out swinging
|
Top of the 6th over - 0 runs, 1 hit, 0 errors, 1 left on base; San Diego 0 - Los Angeles 0 |
BOTTOM OF THE 6TH |
Los Angeles Dodgers batting - Pitching for San Diego Padres : RHP Skip Lockwood
|
Batting: RHB Billy Sample
|
0-0: Ground out 5-3 (Groundball, 56, EV 92.5 MPH)
|
Batting: RHB Carney Lansford
|
0-0: Called Strike 0-1: Ball 1-1: Foul Ball, location: 2F 1-2: Foul Ball, location: 2F 1-2: Ground out 6-3 (Groundball, 56, EV 103.8 MPH)
|
Batting: RHB Dick Davis
|
0-0: Ball 1-0: Called Strike 1-1: Called Strike 1-2: Foul Ball, location: 2F 1-2: Ball 2-2: DOUBLE (Flyball, 89D, EV 96.9 MPH)
|
Batting: RHB Jerry Keller
|
0-0: Ball 1-0: Ball 2-0: Called Strike 2-1: Ball 3-1: Base on Balls
|
Batting: RHB Gary Gaetti
|
0-0: Ball 1-0: Called Strike 1-1: Ball 2-1: Foul Ball, location: 2F 2-2: Ball 3-2: Foul Ball, location: 2F 3-2: Base on Balls Dick Davis to third Jerry Keller to second
|
Batting: SHB Chris W Smith
|
0-0: Ball 1-0: Fly out, F8 (Line Drive, 8LD, EV 97.5 MPH)
|
Bottom of the 6th over - 0 runs, 1 hit, 0 errors, 3 left on base; San Diego 0 - Los Angeles 0 |
TOP OF THE 7TH |
San Diego Padres batting - Pitching for Los Angeles Dodgers : RHP Mario Soto
|
Batting: LHB Tom Dunbar
|
0-0: Ball 1-0: Ball 2-0: Ball 3-0: Called Strike 3-1: DOUBLE (Groundball, 3L, EV 102.5 MPH)
|
Batting: RHB Joel Youngblood
|
0-0: 2-RUN HOME RUN (Flyball, 7LD, EV 106.3 MPH), Distance : 363 ft
|
Batting: LHB Jerry McDonald
|
0-0: Called Strike 0-1: Foul Ball, location: 2F 0-2: Fly out, F8 (Line Drive, 8RD, EV 90.0 MPH)
|
Batting: RHB Heriberto Soltero
|
0-0: Called Strike 0-1: Called Strike 0-2: Ball 1-2: Strikes out swinging
|
Batting: LHB Darrell Porter
|
0-0: Called Strike 0-1: Ball 1-1: Ball 2-1: Swinging Strike 2-2: Strikes out swinging
|
Top of the 7th over - 2 runs, 2 hits, 0 errors, 0 left on base; San Diego 2 - Los Angeles 0 |
BOTTOM OF THE 7TH |
Los Angeles Dodgers batting - Pitching for San Diego Padres : RHP Skip Lockwood
|
Batting: RHB Toby Harrah
|
0-0: Foul Ball, location: 2F 0-1: Ground out 4-3 (Groundball, 4, EV 84.4 MPH)
|
Batting: RHB Roberto Reyes
|
0-0: Called Strike 0-1: Swinging Strike 0-2: Ground out 6-3 (Groundball, 6, EV 105.0 MPH)
|
Batting: RHB Mario Soto
|
0-0: Ball 1-0: Ground out 5-3 (Groundball, 5, EV 85.6 MPH)
|
Bottom of the 7th over - 0 runs, 0 hits, 0 errors, 0 left on base; San Diego 2 - Los Angeles 0 |
TOP OF THE 8TH |
San Diego Padres batting - Pitching for Los Angeles Dodgers : RHP Mario Soto
|
Batting: LHB Jeffrey Zitek
|
0-0: Fly out, F7 (Flyball, 78S, EV 78.8 MPH)
|
Batting: RHB Skip Lockwood
|
0-0: Called Strike 0-1: Ball 1-1: Ground out U3 (Groundball, 34S, EV 86.3 MPH)
|
Batting: RHB Bob Dernier
|
0-0: Foul Ball, location: 2F 0-1: Swinging Strike 0-2: Foul Ball, location: 2F 0-2: Fly out, F8 (Flyball, 8RD, EV 96.3 MPH)
|
Top of the 8th over - 0 runs, 0 hits, 0 errors, 0 left on base; San Diego 2 - Los Angeles 0 |
BOTTOM OF THE 8TH |
Los Angeles Dodgers batting - Pitching for San Diego Padres : RHP Skip Lockwood
|
Batting: RHB Billy Sample
|
0-0: Called Strike 0-1: Called Strike 0-2: SOLO HOME RUN (Flyball, 78XD, EV 91.3 MPH), Distance : 412 ft
|
Batting: RHB Carney Lansford
|
0-0: Ball 1-0: Ball 2-0: Called Strike 2-1: Ground out 6-3 (Groundball, P, EV 86.3 MPH)
|
Batting: RHB Dick Davis
|
0-0: Fly out, F8 (Flyball, 8RM, EV 92.5 MPH)
|
Batting: RHB Jerry Keller
|
0-0: Ball 1-0: Fly out, F9 (Flyball, 89D, EV 96.9 MPH)
|
Bottom of the 8th over - 1 run, 1 hit, 0 errors, 0 left on base; San Diego 2 - Los Angeles 1 |
TOP OF THE 9TH |
San Diego Padres batting - Pitching for Los Angeles Dodgers : RHP Mario Soto
|
Batting: RHB Dennis Dungy
|
0-0: Called Strike 0-1: Ball 1-1: Fly out, F7 (Flyball, 78M, EV 93.8 MPH)
|
Batting: LHB Tom Dunbar
|
0-0: Ball 1-0: Called Strike 1-1: Ball 2-1: Ground out 4-3 (Groundball, 4, EV 82.5 MPH)
|
Batting: RHB Joel Youngblood
|
0-0: Ball 1-0: Ball 2-0: Called Strike 2-1: Called Strike 2-2: Ball 3-2: Ground out 5-3 (Groundball, 56S, EV 81.3 MPH)
|
Top of the 9th over - 0 runs, 0 hits, 0 errors, 0 left on base; San Diego 2 - Los Angeles 1 |
BOTTOM OF THE 9TH |
Los Angeles Dodgers batting - Pitching for San Diego Padres : RHP Skip Lockwood
|
Batting: RHB Gary Gaetti
|
0-0: Fly out, F6 (Flyball, 6D, EV 83.8 MPH)
|
Batting: SHB Chris W Smith
|
0-0: Fly out, F4 (Popup, 4M, EV 70.0 MPH)
|
Batting: RHB Toby Harrah
|
0-0: Swinging Strike 0-1: Foul Ball, location: 2F 0-2: Strikes out looking
|
Bottom of the 9th over - 0 runs, 0 hits, 0 errors, 0 left on base; San Diego 2 - Los Angeles 1 |
|